 Dungeon Crawl Stone Soup version 0.29.1-12-g30fa7ad0bf (webtiles) character file.

Game seed: 5752940872284309207

23 retardedninja the Trooper (level 2, 27/27 HPs)
             Began as a Minotaur Fighter on Jan 18, 2023.
             Quit the game on level 1 of the Dungeon.
             The game lasted 00:00:24 (296 turns).

retardedninja the Trooper (Minotaur Fighter)         Turns: 296, Time: 00:00:25

Health: 27/27      AC:  7    Str: 20    XL:     2   Next: 72%
Magic:  1/1        EV:  9    Int:  5    God:
Gold:   5          SH:  4    Dex:  9    Spells: 1/1 levels left

rFire   . . .      SeeInvis .   a - +0 war axe
rCold   . . .      Faith    .   c - +0 buckler
rNeg    . . .      Spirit   .   b - +0 scale mail
rPois   .          Reflect  .   (helmet restricted)
rElec   .          Harm     .   (no cloak)
rCorr   .          Rampage  .   (no gloves)
Will    .....                   (no boots)
Stlth   ..........              (no amulet)
HPRegen 0.09/turn               (no ring)
MPRegen 0.07/turn               (no ring)

@: no status effects
A: horns 2, retaliatory headbutt
a: no special abilities


You were on level 1 of the Dungeon.
You visited 1 branch of the dungeon, and saw 1 of its levels.

You collected 5 gold pieces.

Inventory:

Hand Weapons
 a - a +0 war axe (weapon)
Armour
 b - a +0 scale mail (worn)
 c - a +0 buckler (worn)
Scrolls
 g - 2 scrolls of identify {unknown}
 h - a scroll of fear {unknown}
Potions
 d - a potion of might
 e - a potion of curing {unknown}
 f - a potion of flight {unknown}


   Skills:
 + Level 4.0 Fighting
 + Level 2.9 Axes
 + Level 4.0 Armour
 + Level 4.0 Shields


You had one spell level left.
You didn't know any spells.
Your spell library was empty.

Dungeon Overview and Level Annotations

Branches:
Dungeon (1/15)

Altars:


Innate Abilities, Weirdness & Mutations

You have a pair of horns on your head.
You reflexively headbutt those who attack you in melee.


Message History

Key pressed, stopping explore.
No target in view!
Found a scale mail.
No target in view!
A dart slug comes into view.
Found 5 gold pieces.
A dart slug is nearby!
A dart slug is nearby!
The dart slug launches a dart at you.
The slug dart hits you but does no damage.
You hit the dart slug.
The dart slug is moderately wounded.
A dart slug is nearby!
You hit the dart slug.
The dart slug is almost dead.
The dart slug launches a dart at you.
The slug dart hits you but does no damage.
The dart slug closely misses you.
A dart slug is nearby!
You barely miss the dart slug. You headbutt the dart slug.
You kill the dart slug!
Your Fighting skill increases to level 4!
Your Shields skill increases to level 4!
No target in view!
You now have 5 gold pieces.
A ball python comes into view.
The ball python hisses angrily.
A ball python is nearby!
A ball python is nearby!
You hit the ball python.
The ball python is severely wounded.
The ball python bites you but does no damage.
You block the ball python's attack.
You hit the ball python.
You kill the ball python!
Your Armour skill increases to level 4!
g - 2 scrolls labelled DINNIRE DECUCH (gained 1)
A dart slug comes into view.
Found 9 gold pieces and a viscous silvery potion.
Are you sure you want to abandon this character and quit the game? (Confirm with "yes".)

.#########..............
##.....# ####..#.....###
.......# ##.#.....#
.......# #..######
.......# ##.# .......#
#.# ......## #.#
......##### #.######
..........## #.@...$#
...........# #......#
...........# #...w..#
##.........# #.....!#
##.........# #......#
##.........# #.......#
#.........# #........#
#######...# ########.#
#...#


You could see a dart slug.

Vanquished Creatures
  4 dart slugs (D:1)
  A ball python (D:1)
  2 bats (D:1)
  An endoplasm (D:1)
  A giant cockroach (D:1)
  A quokka (D:1)
  A frilled lizard (D:1)
  A goblin (D:1)
  3 kobolds (D:1)
15 creatures vanquished.

Notes
Turn   | Place    | Note
-------+----------+-------------------------------------------
     0 | D:1      | retardedninja the Minotaur Fighter began the quest for the
                  | Orb.
     0 | D:1      | Reached XP level 1. HP: 19/19 MP: 0/0
   116 | D:1      | Reached XP level 2. HP: 23/27 MP: 1/1
   296 | D:1      | Quit the game

Illustrated notes

Levels and vault maps discovered:
D:1:      amcnicky_arrival_choice, layout_basic

Skill      XL: |  1  2 |
---------------+-------+-----
Fighting       | 4 |  4.0
Shields        | 4 |  4.0
Armour         | 4 |  4.0
Axes           | |  2.9

Action                   || total
-------------------------++-------
Melee: War axe           ||    25
       Headbutt          ||     2
Armor: Scale mail        ||    16
Dodge: Dodged            ||    16
Block: Buckler           ||     6
